 Dungeon Crawl Stone Soup version 0.32-a0-995-gb4a59205af (console) character file.

Game seed: 8516547376048235686

29 petzl the Sneak (level 3, -1/29 HPs)
             Began as a Formicid Delver on Apr 22, 2024.
             Slain by a ball python (2 damage)
             ... in a sewer.
             The game lasted 00:05:07 (588 turns).

petzl the Sneak (Formicid Delver)                    Turns: 588, Time: 00:05:08

Health: -1/29      AC:  4    Str: 16    XL:     3   Next: 32%
Magic:  7/7        EV:  1    Int: 11    God:
Gold:   34         SH:  0    Dex: 15    Spells: 7/7 levels left

rFire   . . .        a - +0 mace
rCold   . . .        (no shield)
rNeg    . . .        b - +0 leather armour
rPois   .            (helmet unavailable)
rElec   .            j - +0 cloak
rCorr   .            (no gloves)
SInv    +            (no boots)
Will    .....        (no amulet)
Stlth   +++          (no ring)
HPRegen 0.24/turn    (no ring)
MPRegen 0.10/turn

%: no passive effects
@: lethally poisoned (-1 -> -5), constricted
A: permanent stasis, dig shafts and tunnels, antennae 3, four strong arms
a: Dig


You were in a sewer.
You visited 1 branch of the dungeon, and saw 2 of its levels.
You also visited: Sewer.

You collected 34 gold pieces.

Inventory:

Hand Weapons
 a - a +0 mace (weapon)
Missiles
 l - 5 stones (quivered)
Armour
 b - a +0 leather armour (worn)
 j - a +0 cloak (worn)
Magical Staves
 i - a staff of death
Wands
 f - a wand of digging (3)
Scrolls
 c - a scroll of fog
 d - a scroll of revelation
 k - a scroll of blinking {unknown}


   Skills:
 - Level 3.2 Fighting
 - Level 2.0 Maces & Flails
 - Level 1.7 Dodging
 - Level 6.0 Stealth
 + Level 2.7 Spellcasting


You had 7 spell levels left.
You didn't know any spells.
Your spell library was empty.

Dungeon Overview and Level Annotations

Branches:
Dungeon (6/15)              Sewer (1/1)
 Temple: D:4-7

Altars:


Innate Abilities, Weirdness & Mutations

You cannot be hasted, slowed, berserked, paralysed or teleported.
You can dig through walls and to a lower floor.
You have a pair of large antennae on your head. (SInv)
Your four strong arms can wield two-handed weapons with a shield.


Message History

You closely miss the adder. The river rat bites you.
The adder bites you but does no damage.
A rat comes into view.
The river rat barely misses you. The adder misses you.
The ball python hisses angrily.
Unknown command.
Unknown command.
You barely miss the adder. The ball python misses you.
The ball python closely misses you. The adder misses you.
The river rat closely misses you. The ball python closely misses you.
The ball python misses you. The adder attacks as it pursues you!
The adder bites you. The ball python barely misses you.
The ball python grabs you. The ball python constricts you.
The adder bites you but does no damage.
You escape the ball python's grasp.
You barely miss the adder. The river rat barely misses you.
The adder misses you.
You miss the adder. The river rat bites you.
* * * LOW HITPOINT WARNING * * *
The adder barely misses you. The ball python bites you.
* * * LOW HITPOINT WARNING * * *
The adder barely misses you. The river rat misses you.
Unknown command.
Unknown command.
Unknown command.
The rat squeaks loudly.
The ball python closely misses you. The ball python barely misses you.
The adder bites you.
* * * LOW HITPOINT WARNING * * *
You are lethally poisoned!
The adder poisons you! The ball python closely misses you.
The ball python grabs you. The ball python constricts you.
The river rat bites you.
* * * LOW HITPOINT WARNING * * *
* * * LOW HITPOINT WARNING * * *
You feel sick. The adder bites you.
* * * LOW HITPOINT WARNING * * *
A ball python comes into view.
The ball python bites you.
You die...

### ..#### .....##
......# ......##
#......# ......#
##.~~..# ##.~~..#
#≈≈~~≈≈# #~~~≈S~#
#≈≈~~~≈# #≈≈~≈~≈#
#≈≈≈~#≈# #≈~≈~r≈#
#≈≈≈#~≈# #≈≈≈≈≈~#
#≈≈≈~~≈# #≈≈~≈r~#
#≈≈≈~~~# #≈.~.~##
#≈≈≈#~.# #~..Sr≈#
#≈≈≈≈≈†# ##~~S@##
#≈≈≈≈~~# #~~≈~≈≈#
#≈≈≈#~~# #~~≈~≈≈#
#≈≈~~#~# #~~~≈≈≈#
#≈≈~~~≈# #≈~~~~~#
#≈~~~~≈# #≈≈≈≈~~#
#≈~~~≈≈# #≈≈≈≈~≈#
#≈≈~≈≈~# #####≈~~≈~~#
#.†~~.## #..##..~..##
#.†....###..##......#
##......##'##......##
#.......#.........#
##...............##
##.............##
######...###### #####


You could see an adder, a river rat, 2 ball pythons and 2 rats.

Vanquished Creatures
  A river rat (Sewer)
  An endoplasm (Sewer)
  A giant cockroach (D:5)
  A quokka (D:5)
  6 ball pythons (Sewer)
  3 frilled lizards (Sewer)
  13 rats
26 creatures vanquished.

Notes
Turn   | Place    | Note
-------+----------+-------------------------------------------
     0 | D:5      | petzl the Formicid Delver began the quest for the Orb.
     0 | D:5      | Reached XP level 1. HP: 18/18 MP: 1/1
    11 | D:6      | Noticed a steam dragon
    11 | D:6      | Noticed a howler monkey
    11 | D:6      | Noticed an iguana
    38 | D:6      | Noticed a scorpion
    85 | D:5      | Reached skill level 1 in Spellcasting
    88 | D:5      | Found a glowing drain.
    92 | Sewer    | Entered a sewer
   141 | Sewer    | Reached XP level 2. HP: 15/24 MP: 4/4
   450 | Sewer    | Reached XP level 3. HP: 15/29 MP: 6/6
   588 | Sewer    | HP: 1/29 [adder (1)]
   588 | Sewer    | Slain by a ball python

Illustrated notes

Levels and vault maps discovered:
D:5:      layout_rooms, gup_sewer_entry_bowl
D:6:      layout_gridville, gammafunk_temple_overflow_forgotten,
          minmay_temple_entry_statues_fountains, gammafunk_ghost_smash,
          serial_shops, nicolae_shop_just_a_little_nook,
          kennysheep_generic_room_7
Sewer:    sewer_minmay_w

Skill      XL: |  1  2 |
---------------+-------+-----
Spellcasting   | 1 2 |  2.7
Fighting       | |  3.2
Maces & Flails | |  2.0
Dodging        | |  1.7
Stealth        | |  6.0

Action                     || total
---------------------------++-------
  Melee: Mace              ||    82
  Throw: Stone             ||     1
    Use: Potion            ||     3
         Scroll            ||     2
   Stab: Sleeping          ||     1
         Distracted        ||     1
 Armour: Leather armour    ||   114
  Dodge: Dodged            ||    76

Table legend: (Time is in decaauts)
 A = Elapsed time spent in this place.
 B = Non-inter-level travel time spent in this place.
 C = Inter-level travel time spent in this place.
 D = Time resting spent in this place.
 E = Time spent auto-exploring this place.
 F = Levels seen in this place.
 G = Mean time per level.
                   A        B        C        D        E       F      G
               +--------+--------+--------+--------+--------+-----+--------+
         Total |    663 |    663 |      0 |     97 |     28 |   3 |  221.0 |
       Dungeon |     98 |     98 |      0 |      0 |      7 |   2 |   49.0 |
         Sewer |    564 |    564 |      0 |     97 |     21 |   1 |  564.0 |
               +--------+--------+--------+--------+--------+-----+--------+

Top non-repeatable levels by time:
   Sewer: 564 daAuts
     D:5: 83 daAuts
     D:6: 15 daAuts
